 Dungeon Crawl Stone Soup version 0.27-a0-1191-g601b473118 (webtiles) character file.

Game seed: 14404599419716479181

92 shoop the Sneak (level 4, -2/35 HPs)
             Began as a Demonspawn Delver on May 23, 2021.
             Slain by an adder (4 damage)
             ... on level 2 of the Dungeon.
             The game lasted 00:01:54 (254 turns).

shoop the Sneak (Demonspawn Delver)                  Turns: 254, Time: 00:01:55

Health: -2/35      AC:  4    Str: 13    XL:     4   Next: 35%
Magic:  4/4        EV: 12    Int: 12    God:
Gold:   34         SH:  0    Dex: 14    Spells: 3/3 levels left

rFire    . . .     SeeInvis .   a - +0 falchion
rCold    . . .     Faith    .   (no shield)
rNeg     . . .     Spirit   .   b - +0 leather armour
rPois    .         Reflect  .   (no helmet)
rElec    .         Harm     .   (no cloak)
rCorr    .         Rampage  .   (no gloves)
Will     .....                  (no boots)
Stlth    ++........             (no amulet)
HPRegen  0.11/turn              (no ring)
MPRegen  0.09/turn              (no ring)

@: no status effects
A: demonic magic 1, mutation resistance 1, shaggy fur 1, no potion heal 1
a: no special abilities


You were on level 2 of the Dungeon.
You visited 1 branch of the dungeon, and saw 4 of its levels.

You collected 34 gold pieces.

Inventory:

Hand Weapons
 a - a +0 falchion (weapon)
Armour
 b - a +0 leather armour (worn)
Wands
 g - a wand of digging (3)
 h - a wand of iceblast (2)
Scrolls
 c - a scroll of fog
 d - a scroll of magic mapping
 i - a scroll of teleportation {unknown}
Potions
 f - a potion of haste


   Skills:
 - Level 3.0 Fighting
 - Level 3.0 Long Blades
 + Level 1.9 Dodging
 - Level 4.5 Stealth
 - Level 3.0 Evocations


You had 3 spell levels left.
You didn't know any spells.
Your spell library was empty.

Dungeon Overview and Level Annotations

Branches:
Dungeon (5/15)
 Temple: D:4-7

Altars:
Gozag


Innate Abilities, Weirdness & Mutations

Spells you cast may paralyse adjacent enemies.
You are somewhat resistant to further mutation.
You are covered in fur. (AC +1)
Potions are less effective at restoring your health.


Message History

You hit the endoplasm.
The endoplasm is severely wounded.
The jackal bites you.
The jackal bites you but does no damage.
The endoplasm freezes you.
You are frozen.
Unknown command.
You hit the endoplasm.
You kill the endoplasm!
The jackal bites you but does no damage.
The jackal misses you.
You riposte.
You closely miss the jackal.
The jackal is lightly wounded.
The jackal bites you.
* * * LOW HITPOINT WARNING * * *
The jackal barely misses you.
You hit the jackal but do no damage. The jackal bites you.
* * * LOW HITPOINT WARNING * * *
The jackal barely misses you.
You hit the jackal.
The jackal is almost dead.
The jackal bites you.
* * * LOW HITPOINT WARNING * * *
The jackal bites you.
* * * LOW HITPOINT WARNING * * *
The jackal bites you but does no damage.
The jackal bites you.
* * * LOW HITPOINT WARNING * * *
It was a potion of mutation.
You feel extremely strange. Fur sprouts all over your body.
Your system partially rejects the healing effects of potions.
You feel genetically stable.
The jackal bites you but does no damage.
The jackal completely misses you.
Okay, then.
As you read the scroll of fear, it crumbles to dust.
You assume a fearsome visage.
The jackal looks frightened! x2
You climb upwards.
The adder bites you but does no damage.
There is a stone staircase leading down here.
You barely miss the adder. The adder closely misses you. The adder bites you.
You die...

.. #. #.####
#.#.. #.#?##
##....###.####
#...#†@......#
#....S##......
#.†...†h......
........###h.....
..#.#.#### .....
.. #. .... ## #.
... # .


You could see an adder.

Vanquished Creatures
  An ogre (D:4)
  An endoplasm (D:3)
  A goblin (D:4)
  A hobgoblin (D:3)
  2 jackals (D:2)
  A quokka (D:4)
  2 ball pythons
  A frilled lizard (D:3)
10 creatures vanquished.

Notes
Turn   | Place    | Note
-------+----------+-------------------------------------------
     0 | D:5      | shoop the Demonspawn Delver began the quest for the Orb.
     0 | D:5      | Reached XP level 1. HP: 18/18 MP: 1/1
    20 | D:5      | Noticed a scorpion
    50 | D:4      | Found an opulent altar of Gozag.
    63 | D:4      | Noticed an ogre
    75 | D:4      | Killed an ogre
    76 | D:4      | Gained mutation: Spells you cast may paralyse adjacent
                  | enemies. [demonic ancestry]
    76 | D:4      | Reached XP level 2. HP: 24/24 MP: 2/2
    76 | D:4      | Reached XP level 3. HP: 29/29 MP: 3/3
    76 | D:4      | Reached XP level 4. HP: 35/35 MP: 4/4
   246 | D:3      | HP: 1/35 [jackal (1)]
   247 | D:3      | Gained mutation: You are covered in fur. (AC +1) [potion of
                  | mutation]
   247 | D:3      | Gained mutation: Potions are less effective at restoring
                  | your health. [potion of mutation]
   247 | D:3      | Gained mutation: You are somewhat resistant to further
                  | mutation. [potion of mutation]
   254 | D:2      | Slain by an adder

Illustrated notes

Levels and vault maps discovered:
D:2:      layout_loops_ring, roderic_lattice_a
D:3:      layout_basic, grunt_temple_overflow_champion_of_chaos,
          okawaru_altar_gauntlet_db, grunt_ministairs_5, serial_bayou_lagoon_a,
          chequers_serial_rivers_marsh, dk_noncrumbling_2
D:4:      layout_cave_pools, overflow_temple_1_default, uniq_duvessa,
          uniq_natasha
D:5:      layout_basic, grunt_temple_overflow_open, minmay_temple_entry_trees,
          uniq_ijyb

Skill      XL: |  1  2  3  4 |
---------------+-------------+-----
Evocations     | 3 |  3.0
Long Blades    | 2 3 |  3.0
Fighting       | |  3.0
Dodging        | |  1.9
Stealth        | |  4.5

Action                   |  1- 3 |  4- 6 || total
-------------------------+-------+-------++-------
Melee: Falchion          |     4 |    43 ||    47
Evoke: Wand              |     3 |       ||     3
  Use: Scroll            |       |     1 ||     1
       Potion            |       |     1 ||     1
 Stab: Sleeping          |       |     1 ||     1
Armor: Leather armour    |       |    14 ||    14
Dodge: Dodged            |     2 |    53 ||    55
       Rpst.: Falchion   |       |    16 ||    16

Table legend: (Time is in decaauts)
 A = Elapsed time spent in this place.
 B = Non-inter-level travel time spent in this place.
 C = Inter-level travel time spent in this place.
 D = Time resting spent in this place.
 E = Time spent auto-exploring this place.
 F = Levels seen in this place.
 G = Mean time per level.
                   A        B        C        D        E       F      G
               +--------+--------+--------+--------+--------+-----+--------+
         Total |    261 |    261 |      0 |      0 |    134 |   4 |   65.2 |
       Dungeon |    261 |    261 |      0 |      0 |    134 |   4 |   65.2 |
               +--------+--------+--------+--------+--------+-----+--------+

Top non-repeatable levels by time:
     D:3: 126 daAuts
     D:4: 79 daAuts
     D:2: 29 daAuts
     D:5: 26 daAuts
